 Dungeon Crawl Stone Soup version 0.17.0-23-g0de4337 (console) character file.

141 lauthentik the Shield-Bearer (level 5, -3/41 HPs)
             Began as a Human Fighter on Nov 13, 2015.
             Was a Follower of Okawaru.
             Slain by Crazy Yiuf
             ... wielding a +3 quarterstaff of chaos
              (8 damage)
             ... on level 4 of the Dungeon.
             The game lasted 00:06:15 (2345 turns).

lauthentik the Shield-Bearer (Human Fighter)        Turns: 2345, Time: 00:06:16

Health: -3/41      AC:  6    Str: 17    XL:     5   Next: 48%
Magic:  5/5        EV:  8    Int:  9    God:    Okawaru [*.....]
Gold:   126        SH:  9    Dex: 17    Spells: 0 memorised, 4 levels left

rFire  . . .     SeeInvis .     a - +0 war axe
rCold  . . .     Clarity  .     b - +0 scale mail
rNeg   . . .     SustAt   .     c - +0 shield
rPois  .         Gourm    .     (no helmet)
rElec  .         Spirit   .     (no cloak)
rCorr  .         Warding  .     (no gloves)
rMut   .         Stasis   .     (no boots)
MR     .....                    (no amulet)
Stlth  ..........               p - +5 ring of dexterity
                                i - ring of loudness (curse)

@: not resistant to hostile enchantments, extremely unstealthy
A: no striking features
a: Heroism, Renounce Religion


You were on level 4 of the Dungeon.
You worshipped Okawaru.
Okawaru was aware of your devotion.
You were not hungry.

You visited 1 branch of the dungeon, and saw 4 of its levels.

You collected 126 gold pieces.

Inventory:

Hand Weapons
 a - a +0 war axe (weapon)
Armour
 b - a +0 scale mail (worn)
 c - a +0 shield (worn)
Jewellery
 i - a cursed ring of loudness (left hand)
 n - an uncursed ring of protection from magic
 o - an uncursed ring of see invisible
 p - a +5 ring of dexterity (right hand)
Scrolls
 f - a scroll of enchant weapon {unknown}
 g - 4 scrolls of remove curse {unknown}
 h - a scroll of random uselessness {unknown}
 l - a scroll of blinking {unknown}
 s - a scroll of enchant armour {unknown}
 t - a scroll of identify {unknown}
Potions
 d - a potion of might
 j - 3 potions of heal wounds {unknown}
 k - 3 potions of curing {unknown}
 m - a potion of degeneration {unknown}
 r - a potion of magic {unknown}
 u - 2 potions of flight {unknown}
Comestibles
 e - 2 bread rations
 q - a slice of pizza
 v - a beef jerky


   Skills:
 + Level 3.4 Fighting
 + Level 3.1 Axes
 + Level 3.5 Armour
 + Level 1.6 Dodging
 + Level 0.2 Stealth
 + Level 3.9 Shields


You had 4 spell levels left.
You didn't know any spells.

Dungeon Overview and Level Annotations

Branches:
Dungeon (4/15)
 Temple: D:4-7

Altars:
Kikubaaqudgha
Okawaru
Qazlal
Zin

Annotations:
D:4 Crazy Yiuf


Message History

You hit Crazy Yiuf.
Crazy Yiuf is lightly wounded.
You block Crazy Yiuf's attack.
You closely miss Crazy Yiuf.
Crazy Yiuf is lightly wounded.
You block Crazy Yiuf's attack.
Crazy Yiuf hits you with a quarterstaff of chaos!
* * * LOW HITPOINT WARNING * * *
Crazy Yiuf draws strength from your injuries!
You are too injured to fight recklessly!
You hit Crazy Yiuf but do no damage.
Crazy Yiuf is lightly wounded.
You block Crazy Yiuf's attack.
You barely miss Crazy Yiuf.
Crazy Yiuf is lightly wounded.
Crazy Yiuf barely misses you.
You slash Crazy Yiuf!
Crazy Yiuf is severely wounded.
Crazy Yiuf hits you with a quarterstaff of chaos!
You die...

#####
#).)#
#)))#
#)g)#
#@#
#)##
##)#
#)##
##)#
##)##
##..)#
#.P..#
#....#


You could see Crazy Yiuf.

Vanquished Creatures
  An orc priest (D:3)
  Natasha (D:3)
  3 adders
  4 worms
  2 orcs (D:3)
  5 bats
  2 giant cockroaches
  10 goblins
  5 hobgoblins
  5 giant newts
  6 kobolds
  9 rats
53 creatures vanquished.

Notes
Turn   | Place    | Note
--------------------------------------------------------------
     0 | D:1      | lauthentik the Human Fighter began the quest for the Orb.
     0 | D:1      | Reached XP level 1. HP: 18/18 MP: 1/1
   283 | D:1      | Reached XP level 2. HP: 24/24 MP: 2/2
   718 | D:1      | Reached XP level 3. HP: 29/29 MP: 3/3
  1015 | D:2      | Reached XP level 4. HP: 22/35 MP: 4/4
  1021 | D:2      | Reached skill level 1 in Dodging
  1146 | D:2      | Found a faded altar to an unknown god.
  1161 | D:2      | Became a worshipper of Warmaster Okawaru
  1161 | D:2      | Reached * piety under Okawaru
  1543 | D:3      | Found an iron altar of Okawaru.
  1644 | D:3      | Noticed Natasha
  1651 | D:3      | Killed Natasha
  1675 | D:3      | Reached XP level 5. HP: 2/41 MP: 5/5
  1677 | D:3      | HP: 1/41 [bat (1)]
  1687 | D:3      | HP: 2/41 [bat (1)]
  2173 | D:3      | Found an ancient bone altar of Kikubaaqudgha.
  2174 | D:3      | Found a stormy altar of Qazlal.
  2177 | D:3      | Found a glowing silver altar of Zin.
  2336 | D:4      | Noticed Crazy Yiuf
  2345 | D:4      | Slain by Crazy Yiuf

Action                   |  1- 3 |  4- 6 || total
-------------------------+-------+-------++-------
Melee: War axe           |   112 |    79 ||   191
  Use: Scroll            |     1 |       ||     1
  Eat: Chunk             |       |     5 ||     5
